 Dungeon Crawl Stone Soup version 0.29.1-15-g9cfb28693d (webtiles) character file.

Game seed: 17834255653361082797

22 Artool the Trooper (level 2, -4/24 HPs)
             Began as a Demonspawn Fighter on Apr 6, 2023.
             Slain by Sigmund
             ... wielding a +0 scythe
              (10 damage)
             ... on level 2 of the Dungeon.
             The game lasted 00:00:50 (1122 turns).

Artool the Trooper (Demonspawn Fighter)             Turns: 1122, Time: 00:00:50

Health: -4/24      AC:  6    Str: 16    XL:     2   Next: 68%
Magic:  2/2        EV:  8    Int:  9    God:
Gold:   34         SH:  4    Dex: 12    Spells: 1/1 levels left

rFire   . . .      SeeInvis .   a - +0 flail
rCold   . . .      Faith    .   c - +0 buckler
rNeg    . . .      Spirit   .   b - +0 scale mail
rPois   .          Reflect  .   (no helmet)
rElec   .          Harm     .   (no cloak)
rCorr   .          Rampage  .   (no gloves)
Will    .....                   (no boots)
Stlth   ..........              (no amulet)
HPRegen 0.08/turn               (no ring)
MPRegen 0.08/turn               (no ring)

@: no status effects
A: demonic magic 1
a: no special abilities


You were on level 2 of the Dungeon.
You visited 1 branch of the dungeon, and saw 2 of its levels.

You collected 34 gold pieces.

Inventory:

Hand Weapons
 a - a +0 flail (weapon)
Armour
 b - a +0 scale mail (worn)
 c - a +0 buckler (worn)
 e - a +0 leather armour of cold resistance
Jewellery
 f - a ring of positive energy
 h - a ring of positive energy
Scrolls
 g - a scroll of fear {unknown}
 i - a scroll of butterflies {unknown}
 j - a scroll of enchant weapon {unknown}
Potions
 d - a potion of might
 k - a potion of flight {unknown}


   Skills:
 + Level 3.3 Fighting
 + Level 2.2 Maces & Flails
 + Level 3.0 Armour
 - Level 2.6 Shields


You had one spell level left.
You didn't know any spells.
Your spell library was empty.

Dungeon Overview and Level Annotations

Branches:
Dungeon (2/15)

Altars:

Annotations:
D:2 Sigmund


Innate Abilities, Weirdness & Mutations

Spells you cast may paralyse adjacent enemies.


Message History

You now have 34 gold pieces (gained 12).
Found a faded altar of an unknown god.
No target in view!
Found 5 poisoned darts.
No target in view!
Found a stone staircase leading down.
No target in view!
No target in view!
Sigmund the Dreaded comes into view.
He is wielding a +0 scythe.
Sigmund shouts!
Sigmund mumbles some strange words.
Sigmund flickers and vanishes!
Deactivating autopickup; reactivate with Ctrl-A.
There is a strange disturbance nearby!
No target in view!
There is a strange disturbance nearby!
No target in view!
There is a strange disturbance nearby!
No target in view!
There is a strange disturbance nearby!
No target in view!
No target in view!
There is a strange disturbance nearby!
No target in view!
There is a strange disturbance nearby!
Unknown command.
You hear some strange, mumbled words.
You are confused.
You completely miss something. Something hits you.
You're too confused to move!
Something hits you but does no damage.
You closely miss something. Something hits you.
A hobgoblin comes into view.
You completely miss something.
The hobgoblin shouts!
Something hits you!
* * * LOW HITPOINT WARNING * * *
You miss something.
You feel less confused.
You closely miss something. Something hits you!
You die...

#.........##...#
....#.........#..###
...#...........## #
.............### #
..######.#### #
.....# #....# #g##.#
####.# #{##.# #(#
#@##.# #.######
##.##.######.#....#
#.......>.##.#....#
#.........##......#
#.................#
#.........##.#....#
#.........##.#....#
##.#########.###...
#.# #...##(..


You could see a hobgoblin.

Vanquished Creatures
  4 ball pythons (D:1)
  2 endoplasms
  5 goblins (D:1)
  A hobgoblin (D:1)
  2 kobolds (D:1)
  A quokka (D:1)
  A bat (D:1)
  2 rats (D:1)
18 creatures vanquished.

Notes
Turn   | Place    | Note
-------+----------+-------------------------------------------
     0 | D:1      | Artool the Demonspawn Fighter began the quest for the Orb.
     0 | D:1      | Reached XP level 1. HP: 18/18 MP: 1/1
   299 | D:1      | Gained mutation: Spells you cast may paralyse adjacent
                  | enemies. [demonic ancestry]
   299 | D:1      | Reached XP level 2. HP: 24/24 MP: 2/2
  1085 | D:2      | Found a faded altar of an unknown god.
  1114 | D:2      | Noticed Sigmund
  1122 | D:2      | Slain by Sigmund

Illustrated notes

Levels and vault maps discovered:
D:1:      tarquinn_simple_flora_water_a, layout_loops_ring
D:2:      minmay_razor_zed, layout_rooms, basic_altar,
          shapermc_ecumenical_altar_totnotflames, uniq_sigmund

Skill      XL: |  1  2 |
---------------+-------+-----
Maces & Flails | 2 |  2.2
Armour         | 3 |  3.0
Fighting       | |  3.3
Shields        | |  2.6

Action                   || total
-------------------------++-------
Melee: Flail             ||    53
Armor: Scale mail        ||    16
Dodge: Dodged            ||    17
Block: Buckler           ||    11
